 Dungeon Crawl Stone Soup version 0.29-a0-67-g1d65ae1bb4 (webtiles) character file.

Game seed: 18098215939060731352

110 Majang the Sneak (level 4, -1/23 HPs)
             Began as a Spriggan Brigand on Feb 3, 2022.
             Slain by Grinder (8 damage)
             ... on level 3 of the Dungeon.
             The game lasted 00:07:43 (3070 turns).

Majang the Sneak (Spriggan Brigand)                 Turns: 3070, Time: 00:07:43

Health: -1/23      AC:  3    Str:  7    XL:     4   Next: 61%
Magic:  5/5        EV: 16    Int: 18    God:
Gold:   99         SH:  0    Dex: 18    Spells: 3/3 levels left

rFire   . . .      SeeInvis +   a - +2 dagger (drain)
rCold   . . .      Faith    .   (no shield)
rNeg    . . .      Spirit   .   b - +0 robe
rPois   .          Reflect  .   (helmet restricted)
rElec   .          Harm     .   c - +0 cloak
rCorr   .          Rampage  .   (gloves unavailable)
Will    .....                   (boots unavailable)
Stlth   +++.......              n - amulet of magic regeneration
HPRegen 0.07/turn               h - +6 ring of intelligence
MPRegen 0.49/turn               (no ring)

@: very quick
A: very small, no large weapons, unfitting armour, see invisible, speed 3
a: no special abilities


You were on level 3 of the Dungeon.
You visited 1 branch of the dungeon, and saw 3 of its levels.

You collected 99 gold pieces.

Inventory:

Hand Weapons
 a - a +2 dagger of draining (weapon)
 l - a +0 falchion
 o - a +2 dagger
Missiles
 d - 8 poisoned darts (quivered)
 e - 2 curare-tipped darts
Armour
 b - a +0 robe (worn)
 c - a +0 cloak (worn)
Jewellery
 h - a +6 ring of intelligence (left hand)
 n - an amulet of magic regeneration (around neck)
Scrolls
 f - a scroll of amnesia {unknown}
 g - a scroll of immolation {unknown}
 i - a scroll of teleportation {unknown}
 k - a scroll of fear {unknown}
 m - a scroll of identify {unknown}
Potions
 j - a potion of mutation {unknown}


   Skills:
 + Level 2.6 Fighting
 * Level 4.6 Short Blades
 - Level 2.0 Throwing
 - Level 1.3 Dodging
 - Level 5.8 Stealth


You had 3 spell levels left.
You didn't know any spells.
Your spell library was empty.

Dungeon Overview and Level Annotations

Branches:
Dungeon (3/15)

Altars:

Annotations:
D:3 Grinder


Innate Abilities, Weirdness & Mutations

You are very small and have problems with some larger weapons.
You are too small for most types of armour.
You have supernaturally acute eyesight. (SInv)
You cover ground extremely quickly. (Speed+++)


Message History

You hit Natasha.
You kill Natasha!
Natasha screams in pain as she dies!
The shadow imp disappears in a puff of smoke!
Your life force feels restored.
You start resting.
You feel yourself speed up.
You start resting.
HP restored.
You see here the felid skeleton of Natasha.
An adder comes into view.
You sense an unholy aura.
a - a +2 dagger of draining (weapon)
An adder is nearby!
The helpless adder fails to defend itself.
You stick the adder like a pincushion!!!
You kill the adder!
A dart slug comes into view.
The dart slug launches a dart at you.
The slug dart hits you but does no damage.
Grinder comes into view.
The dart slug misses you.
You hit the dart slug.
The dart slug is heavily wounded.
You hit the dart slug.
You kill the dart slug!
Grinder shouts!
Grinder gestures at you. Pain shoots through your body!
Okay, then.
Found an escape hatch in the ceiling.
Grinder hits you.
You writhe in agony.
You hit Grinder.
Grinder is lightly wounded.
You barely miss Grinder. Your punch misses Grinder.
Grinder is lightly wounded.
Grinder barely misses you.
You hit Grinder.
Grinder is lightly wounded.
Grinder hits you!
You die...

##########.#.# #.#
.............# #.#
###.######.#########.#
....#### #...........#
.P...#.###############
P≈≈≈≈≈..## ≈≈≈≈≈≈P..#
≈≈≈≈P≈.♣.#############.#
≈≈≈≈≈.≈♣........@5.....<
.≈P≈P...##############.#
≈†≈P≈≈..# ...P....###
###..........
#.######### ###


You could see Grinder.

Vanquished Creatures
  Natasha (D:3)
  3 adders
  4 dart slugs
  3 endoplasms (D:2)
  A giant cockroach (D:1)
  10 goblins
  3 hobgoblins
  A quokka (D:1)
  4 ball pythons
  9 bats
  A frilled lizard (D:1)
  6 kobolds
  6 rats
52 creatures vanquished.

Vanquished Creatures (others)
  8 plants (D:3)
8 creatures vanquished.

Grand Total: 60 creatures vanquished

Notes
Turn   | Place    | Note
-------+----------+-------------------------------------------
     0 | D:1      | Majang the Spriggan Brigand began the quest for the Orb.
     0 | D:1      | Reached XP level 1. HP: 10/10 MP: 2/2
     2 | D:1      | Noticed a draconian
     2 | D:1      | Noticed a spriggan
     4 | D:1      | Noticed a felid
     4 | D:1      | Noticed a merfolk
     6 | D:1      | Noticed a gargoyle
     8 | D:1      | Noticed a vine stalker
    10 | D:1      | Noticed a minotaur
    12 | D:1      | Noticed a vampire
    12 | D:1      | Noticed a troll
    14 | D:1      | Noticed a dwarf
    14 | D:1      | Noticed a ghoul
    16 | D:1      | Noticed a demigod
    16 | D:1      | Noticed a demonspawn
    18 | D:1      | Noticed a formicid
    20 | D:1      | Noticed an octopode
    22 | D:1      | Noticed a human
    22 | D:1      | Noticed an ogre
    24 | D:1      | Noticed a tengu
    24 | D:1      | Noticed an elf
    26 | D:1      | Noticed a naga
   127 | D:1      | Reached XP level 2. HP: 14/15 MP: 3/3
  1087 | D:2      | Reached XP level 3. HP: 13/18 MP: 4/4
  2244 | D:2      | Found a faded altar of an unknown god.
  2386 | D:3      | Reached XP level 4. HP: 15/23 MP: 5/5
  2541 | D:3      | Noticed Natasha
  2739 | D:3      | Killed Natasha
  3060 | D:3      | Noticed Grinder
  3070 | D:3      | Slain by Grinder

Illustrated notes

Levels and vault maps discovered:
D:1:      kb_arrival_jail, layout_basic
D:2:      layout_basic, dilly_ecumenical_altar_fadedgnrine
D:3:      layout_basic, serial_bayou, serial_bayou_crossing,
          serial_bayou_pond_b, serial_bayou_lake_a, serial_bayou_pond_b,
          minmay_misc_feat_nine_boxes, uniq_natasha, uniq_grinder

Skill      XL: |  1  2  3 |
---------------+----------+-----
Short Blades   | 3 4 |  4.6
Fighting       | 2 |  2.6
Throwing       | |  2.0
Dodging        | |  1.3
Stealth        | |  5.8

Action                   |  1- 3 |  4- 6 || total
-------------------------+-------+-------++-------
Melee: Dagger            |   140 |    23 ||   163
       Punch             |     3 |       ||     3
  Use: Potion            |     1 |       ||     1
 Stab: Sleeping          |    13 |     2 ||    15
       Distracted        |     1 |       ||     1
Armor: Robe              |    18 |     2 ||    20
Dodge: Dodged            |    69 |    10 ||    79

Table legend: (Time is in decaauts)
 A = Elapsed time spent in this place.
 B = Non-inter-level travel time spent in this place.
 C = Inter-level travel time spent in this place.
 D = Time resting spent in this place.
 E = Time spent auto-exploring this place.
 F = Levels seen in this place.
 G = Mean time per level.
                   A        B        C        D        E       F      G
               +--------+--------+--------+--------+--------+-----+--------+
         Total |   2352 |   2320 |     32 |    916 |   1028 |   3 |  784.0 |
       Dungeon |   2352 |   2320 |     32 |    916 |   1028 |   3 |  784.0 |
               +--------+--------+--------+--------+--------+-----+--------+

Top non-repeatable levels by time:
     D:2: 925 daAuts
     D:1: 728 daAuts
     D:3: 698 daAuts
